 Dungeon Crawl Stone Soup version 0.29.1-1-gd02db6906a (webtiles) character file.

Game seed: 7429290487616259152

539 SSird the Chopper (level 7, -8/52 HPs)
             Began as a Formicid Fighter on Sept 29, 2022.
             Mangled by Duvessa
             ... wielding a +0 rapier
              (10 damage)
             ... on level 5 of the Dungeon.
             The game lasted 00:05:20 (4425 turns).

SSird the Chopper (Formicid Fighter)                Turns: 4425, Time: 00:05:20

Health: -8/52      AC:  6    Str: 23    XL:     7   Next: 51%
Magic:  7/7        EV: 13    Int:  7    God:
Gold:   229        SH: 10    Dex: 13    Spells: 6/6 levels left

rFire   . . .      SeeInvis +   a - +0 war axe
rCold   . . .      Faith    .   c - +0 buckler
rNeg    . . .      Spirit   .   b - +0 scale mail
rPois   .          Reflect  +   (helmet unavailable)
rElec   .          Harm     .   (no cloak)
rCorr   .          Rampage  .   (no gloves)
Will    .....                   (no boots)
Stlth   ..........              o - amulet of reflection
HPRegen 0.17/turn               y - +4 ring of evasion
MPRegen 0.10/turn               (no ring)

@: no status effects
A: permanent stasis, dig shafts and tunnels, antennae 3, four strong arms
a: Dig, Shaft Self


You were on level 5 of the Dungeon.
You visited 1 branch of the dungeon, and saw 5 of its levels.
You also visited: Sewer.

You collected 229 gold pieces.

Inventory:

Hand Weapons
 a - a +0 war axe (weapon)
Armour
 b - a +0 scale mail (worn)
 c - a +0 buckler (worn)
Jewellery
 o - an amulet of reflection (around neck)
 y - a +4 ring of evasion (left hand)
Wands
 d - a wand of polymorph (6)
 l - a wand of flame (24)
Scrolls
 g - 4 scrolls of identify {unknown}
 h - a scroll of summoning {unknown}
 i - 2 scrolls of amnesia {unknown}
 k - a scroll of magic mapping {unknown}
 n - a scroll of teleportation {unknown}
 p - a scroll of enchant weapon {unknown}
 s - a scroll of vulnerability {unknown}
 t - a scroll of noise {unknown}
 A - a scroll of brand weapon {unknown}
 B - a scroll of enchant armour {unknown}
Potions
 e - 2 potions of degeneration {unknown}
 f - a potion of berserk rage {unknown}
 j - a potion of attraction {unknown}
 m - 2 potions of curing {unknown}
 q - a potion of resistance {unknown}
 r - a potion of magic {unknown}
 u - a potion of haste
 v - a potion of heal wounds {unknown}
 w - a potion of ambrosia {unknown}
 x - a potion of mutation {unknown}
 z - a potion of lignification {unknown}
 C - a potion of might


   Skills:
 + Level 3.6 Fighting
 * Level 7.4 Axes
 + Level 3.5 Armour
 + Level 0.7 Dodging
 - Level 4.0 Shields


You had 6 spell levels left.
You didn't know any spells.
Your spell library contained the following spells:

 Spells                   Type           Power      Damage    Failure   Level
 Magic Dart               Conj           0%         1d3       80%         1
 Necrotise                Necr           0%         1d4       80%         1
 Call Imp                 Summ           0%         N/A       91%         2
 Mephitic Cloud           Conj/Pois/Air  0%         N/A       99%         3
 Vampiric Draining        Necr           0%         2d6       99%         3
 Agony                    Necr           0%         N/A       100%        5


Dungeon Overview and Level Annotations

Branches:
Dungeon (5/15)              Sewer (visited)
 Temple: D:4-7

Altars:
Hepliaklqana
Wu Jian
The Shining One

Shops:
D:3 [

Annotations:
D:5 Dowan, Duvessa


Innate Abilities, Weirdness & Mutations

You cannot be hasted, slowed, berserked, paralysed or teleported.
You can dig through walls and to a lower floor.
You have a pair of large antennae on your head. (SInv)
Your four strong arms can wield two-handed weapons with a shield.


Message History

You hit Duvessa but do no damage.
Duvessa is heavily wounded.
You hit the iguana. Duvessa misses you. You block the iguana's attack.
You hit Duvessa.
Duvessa is heavily wounded.
You closely miss the iguana.
Duvessa says, "When magic and the sword combine, nothing stands against them."
Duvessa hits you but does no damage. Duvessa completely misses you.
You block the iguana's attack.
You barely miss Duvessa.
Duvessa is heavily wounded.
You hit the iguana. Duvessa hits you with a +0 rapier.
You block the iguana's attack.
Dowan says, "My weaknesses are her strengths!"
Duvessa hits you with a +0 rapier!
You completely miss Duvessa.
Duvessa is heavily wounded.
You hit the iguana. Duvessa closely misses you. The iguana bites you.
Duvessa hits you with a +0 rapier.
You hit Duvessa.
Duvessa is severely wounded.
You hit the iguana.
You kill the iguana!
Duvessa hits you with a +0 rapier!
* * * LOW HITPOINT WARNING * * *
You hit Duvessa but do no damage.
Duvessa is severely wounded.
You closely miss Dowan. Duvessa closely misses you. You block Dowan's attack.
Duvessa hits you with a +0 rapier.
* * * LOW HITPOINT WARNING * * *
Dowan misses you.
You barely miss Duvessa.
Duvessa is severely wounded.
You closely miss Dowan. Duvessa misses you. You block Dowan's attack.
Duvessa hits you with a +0 rapier!
* * * LOW HITPOINT WARNING * * *
It was a potion of haste.
Your stasis prevents you from being hasted.
Duvessa hits you with a +0 rapier!
You die...

. .. ...
## e.l.
#.
..$..#.##
.......<#
#######e#
#...@e#
#.####..#
.## ..
###


You could see Duvessa (fast) and Dowan.

Vanquished Creatures
  Pargi (Sewer)
  An ogre (D:4)
  A scorpion (D:3)
  A hound (D:4)
  A gnoll bouda (D:3)
  3 iguanas
  4 gnolls
  4 adders
  A dart slug (D:3)
  4 orcs
  9 bats
  3 endoplasms
  6 giant cockroaches
  7 goblins
  6 hobgoblins
  11 jackals
  3 quokkas
  8 ball pythons
  6 frilled lizards
  3 kobolds
  9 rats
92 creatures vanquished.

Vanquished Creatures (others)
  4 plants (D:3)
4 creatures vanquished.

Grand Total: 96 creatures vanquished

Notes
Turn   | Place    | Note
-------+----------+-------------------------------------------
     0 | D:1      | SSird the Formicid Fighter began the quest for the Orb.
     0 | D:1      | Reached XP level 1. HP: 18/18 MP: 1/1
    54 | D:1      | Reached XP level 2. HP: 15/24 MP: 2/2
   317 | D:1      | Reached skill level 3 in Axes
   507 | D:1      | Reached XP level 3. HP: 29/29 MP: 3/3
  1233 | D:2      | Reached skill level 4 in Axes
  1233 | D:2      | Reached XP level 4. HP: 35/35 MP: 4/4
  1566 | D:3      | Noticed a scorpion
  1573 | D:3      | Killed a scorpion
  1574 | D:3      | Reached skill level 5 in Axes
  1574 | D:3      | Reached XP level 5. HP: 34/41 MP: 5/5
  1641 | D:3      | Found an ornate altar of the Wu Jian Council.
  1681 | D:3      | Found a glowing drain.
  1695 | Sewer    | Entered a sewer
  1759 | Sewer    | Noticed Pargi
  1769 | Sewer    | Killed Pargi
  1770 | Sewer    | Reached skill level 6 in Axes
  1770 | Sewer    | Reached XP level 6. HP: 30/47 MP: 6/6
  2071 | D:3      | Found Untory's Armour Emporium.
  2178 | D:3      | Found a faded altar of an unknown god.
  2733 | D:4      | Noticed an ogre
  2742 | D:4      | Killed an ogre
  2868 | D:4      | Reached skill level 7 in Axes
  2868 | D:4      | Reached XP level 7. HP: 46/52 MP: 7/7
  3295 | D:4      | Found a hazy altar of Hepliaklqana.
  3295 | D:4      | Found a glowing golden altar of the Shining One.
  4407 | D:5      | Entered Level 5 of the Dungeon
  4407 | D:5      | Noticed Duvessa
  4407 | D:5      | Noticed Dowan
  4424 | D:5      | HP: 2/52 [Duvessa/+0 rapier (9)]
  4425 | D:5      | Mangled by Duvessa

Illustrated notes

Levels and vault maps discovered:
D:1:      spicycebolla_green_bress_n_ham, layout_rooms, nicolae_hexahallways
D:2:      layout_loops_ring
D:3:      layout_loops_ring, mainiacjoe_overflow_cross_hatched, serial_shops,
          nicolae_shop_crystal, serial_bayou, serial_bayou_shore_a,
          serial_bayou_pond_a, serial_bayou_lagoon_a, serial_bayou_shore_b,
          serial_bayou_pond_e, chequers_ecumenical_altar_island,
          portal_sewer_entry_f, supply_closet_lemuel,
          minmay_fractal_squares_gapless_5
D:4:      layout_layer_cave, nicolae_overflow_two_pavilions,
          minmay_misc_feat_chi
D:5:      layout_basic, okawaru_trees_1, gammafunk_ghost_necromancy,
          corner_web_ring, uniq_duvessa

Skill      XL: |  1  2  3  4  5  6 |
---------------+-------------------+-----
Axes           | 3 4 5 6 7 |  7.4
Fighting       | |  3.6
Armour         | |  3.5
Dodging        | |  0.7
Shields        | |  4.0

Action                   |  1- 3 |  4- 6 |  7- 9 || total
-------------------------+-------+-------+-------++-------
Melee: War axe           |    71 |    94 |    80 ||   245
 Abil: Dig               |       |     1 |       ||     1
  Use: Potion            |       |     1 |     1 ||     2
Armor: Scale mail        |    30 |    41 |    15 ||    86
Dodge: Dodged            |    32 |    59 |    61 ||   152
Block: Buckler           |    17 |    60 |    53 ||   130
       Reflection        |       |     1 |       ||     1
